AoeStats
← Lordinario

Nomad

509499536Analyzed
3v3 RM · 4d ago on Sep 27, 2026· 49m 47s· 6 players
Game mode
Random Map
Map size
210×210
Population
200
Speed
Normal
Resources
Standard
Victory
Conquest
Starting age
Dark Age
Ending age
Imperial Age
RankedLock teamsTeams togetherTeam positionsShared explorationLock speedFull tech treeHidden civsTurbo modeCheats
Victory
Defeat
🇨🇱 Byzantines · Chile
1005
+10
🇨🇱 Chinese · Chile
920
+13
🇨🇱 Cumans · Chile
871
+14
🇨🇱 Magyars · Chile
896
-14
🇩🇪 Persians · Germany
849
-12
🇷🇺 Italians · Russia
822
-11
BABAN
3:06 Loom
13:26 Feudal Age
14:57 Wheelbarrow
16:18 Scale Barding Armor
18:48 Forging
23:33 Castle Age
22:44 Town Watch
23:28 Horse Collar
24:38 Squires
24:43 Pikeman
25:52 Scale Mail Armor
28:12 Heavy Plow
28:00 Double-Bit Axe
31:55 Fletching
35:00 Imperial Age
33:00 Gold Mining
35:40 Hand Cart
34:53 Cavalier
35:35 Husbandry
37:07 Gold Shaft Mining
36:40 Bodkin Arrow
39:43 Savar
41:05 Chain Barding Armor
42:31 Iron Casting
43:23 Plate Barding Armor
47:13 Blast Furnace
49:30 Citadels
Vampir2014
6:04 Loom
18:34 Feudal Age
20:06 Wheelbarrow
19:17 Double-Bit Axe
19:26 Horse Collar
25:59 Stone Mining
26:02 Gold Mining
30:14 Castle Age
29:08 Forging
30:08 Scale Mail Armor
29:59 Fletching
30:29 Scale Barding Armor
30:24 Padded Archer Armor
31:48 Stone Shaft Mining
31:31 Hand Cart
31:19 Heavy Plow
32:40 Bow Saw
32:51 Bodkin Arrow
33:07 Pikeman
ElVarego
4:35 Loom
17:31 Feudal Age
18:04 Horse Collar
18:17 Gold Mining
18:14 Double-Bit Axe
19:05 Wheelbarrow
18:15 Town Watch
21:41 Bloodlines
25:15 Castle Age
24:46 Scale Mail Armor
25:45 Arson
26:50 Bow Saw
sebassepulvedac
4:31 Loom
15:46 Feudal Age
16:50 Town Watch
17:07 Double-Bit Axe
19:07 Wheelbarrow
20:53 Fletching
27:22 Castle Age
27:39 Forging
27:35 Scale Barding Armor
28:32 Bloodlines
28:24 Fishing Lines
29:06 Bodkin Arrow
30:42 Husbandry
31:30 Chain Barding Armor
31:47 Iron Casting
31:46 Gillnets
31:51 Light Cavalry
34:09 Town Patrol
33:45 Pikeman
35:10 Hand Cart
35:14 Crossbowman
36:25 Padded Archer Armor
36:26 Scale Mail Armor
37:29 Thumb Ring
41:24 Stone Mining
41:25 Gold Mining
42:42 Murder Holes
46:00 Imperial Age
46:26 Elite Fire Lancer
47:41 Chain Mail Armor
48:27 Blast Furnace
47:40 Squires
50:31 Stone Shaft Mining
50:32 Gold Shaft Mining
Lordinario
3:58 Loom
4:56 Loom
17:32 Feudal Age
19:27 Wheelbarrow
19:45 Double-Bit Axe
23:57 Castle Age
27:55 Scale Barding Armor
28:00 Forging
28:54 Bloodlines
30:45 Chain Barding Armor
31:26 Medium Warships
30:37 Demolition Ship
31:24 Pikeman
32:22 Scale Mail Armor
33:48 Town Watch
36:26 Thumb Ring
36:16 Fletching
36:27 Padded Archer Armor
44:25 Imperial Age
44:32 Imperial Age
42:46 Leather Archer Armor
43:09 Iron Casting
42:30 Bodkin Arrow
42:49 Steppe Husbandry
43:26 Ballistics
43:55 Hand Cart
46:19 Chemistry
45:17 Murder Holes
46:03 Cuman Mercenaries
46:59 Horse Collar
47:33 Elite Kipchak
49:38 Chain Mail Armor
49:54 Ring Archer Armor
48:47 Halberdier
49:30 Squires
Hidekisan
5:09 Loom
13:21 Feudal Age
14:08 Double-Bit Axe
19:29 Castle Age
18:14 Gold Mining
19:26 Forging
19:08 Fletching
19:27 Fishing Lines
21:13 Husbandry
23:49 Wheelbarrow
24:27 Scale Barding Armor
31:19 Medium Warships
31:02 Gillnets
32:29 Iron Casting
31:51 Bodkin Arrow
32:11 Horse Collar
35:00 Heavy Plow
35:46 Sanctity
35:37 Redemption
38:08 Imperial Age
38:34 Squires
38:19 Gambesons
38:20 Arson
38:37 Scale Mail Armor
40:47 Chain Mail Armor
42:02 Chemistry
41:22 Ballistics
41:51 Block Printing
41:56 Fervor
41:51 Elite Varangian Guard
43:03 Plate Mail Armor
45:56 Conscription
45:49 Logistica
46:18 Bow Saw
48:53 Arrowslits
49:28 Bombard Tower
Connection lost

Rejoining the realm…

Still unreachable

The connection could not be restored.

Session expired

The server has moved on; the page needs a fresh start.